 Dungeon Crawl Stone Soup version 0.30.1-3-gfc49f6343a (webtiles) character file.

Game seed: 7424226080461265225

4 mintfox the Caller (level 1, 0/13 HPs)
             Began as a Barachi Summoner on Aug 9, 2023.
             Slain by a jackal (1 damage)
             ... on level 1 of the Dungeon.
             The game lasted 00:02:09 (214 turns).

mintfox the Caller (Barachi Summoner)                Turns: 214, Time: 00:02:09

Health: 0/13       AC:  2    Str:  9    XL:     1   Next: 60%
Magic:  0/3        EV: 12    Int: 15    God:
Gold:   15         SH:  0    Dex: 12    Spells: 3/4 levels left

rFire   . . .        (no weapon)
rCold   . . .        (no shield)
rNeg    . . .        a - +0 robe
rPois   .            (no helmet)
rElec   .            (no cloak)
rCorr   .            (no gloves)
SInv    .            (no boots)
Will    .....        (no amulet)
Stlth   ++           (no ring)
HPRegen 0.22/turn    (no ring)
MPRegen 0.08/turn

%: no passive effects
@: slow
A: amphibious, slowness 1, strong legs 1, +LOS
a: Hop


You were on level 1 of the Dungeon.
You visited 1 branch of the dungeon, and saw 1 of its levels.

You collected 15 gold pieces.

Inventory:

Armour
 a - a +0 robe (worn)
Scrolls
 c - a scroll of enchant armour {unknown}
Potions
 b - a potion of magic
 d - a potion of lignification {unknown}


   Skills:
 + Level 2.3 Dodging
 + Level 1.8 Stealth
 + Level 2.1 Spellcasting
 + Level 5.0 Summonings


You had 3 spell levels left.
You knew the following spells:

 Your Spells              Type           Power      Damage    Failure   Level
a - Summon Small Mammal   Summ           64%        N/A       2%          1

Your spell library contained the following spells:

 Spells                   Type           Power      Damage    Failure   Level
 Call Imp                 Summ           32%        N/A       4%          2
 Call Canine Familiar     Summ           16%        N/A       9%          3
 Summon Guardian Golem    Hex/Summ       9%         N/A       24%         3
 Summon Lightning Spire   Summ/Air       9%         N/A       61%         4


Dungeon Overview and Level Annotations

Branches:
Dungeon (1/15)

Altars:


Innate Abilities, Weirdness & Mutations

You are amphibious.
You cover ground slowly.
You can hop short distances.
You have an extended range of vision and can be seen from far away.


Message History

The bat barely misses you. The ball python barely misses you. x2
The kobold hits you with a +0 dagger.
The bat hits your quokka but does no damage.
The ball python attacks as you move away!
The ball python misses you. The ball python closely misses you.
The bat hits your quokka.
Your quokka bites the kobold but does no damage.
The ball python attacks as you move away!
The ball python bites you but does no damage.
The ball python misses you.
The kobold throws a stone.
The stone hits your quokka. The ball python closely misses you.
The ball python completely misses you. The bat hits your quokka.
The ball python bites you. The ball python closely misses you.
Your quokka bites the kobold but does no damage.
The jackal bites you. The jackal barely misses you.
A dart slug comes into view.
The jackal closely misses you.
The ball python bites you but does no damage.
The ball python grabs you. The ball python constricts you.
The kobold barely misses your quokka. The bat hits you.
* * * LOW HITPOINT WARNING * * *
You escape the ball python's grasp.
The ball python attacks as you move away!
The ball python bites you but does no damage.
The ball python misses you. The jackal attacks as you move away!
The jackal bites you.
* * * LOW HITPOINT WARNING * * *
The jackal attacks as you move away! The jackal barely misses you.
The bat barely misses you. The bat closely misses you.
Your quokka barely misses the kobold.
The jackal bites you.
* * * LOW HITPOINT WARNING * * *
The kobold hits your quokka with a +0 club.
Your quokka dies!
Your quokka's corpse disappears in a puff of smoke!
The jackal closely misses you.
The ball python attacks as you move away!
The ball python barely misses you. x2; The jackal barely misses you.
The jackal attacks as you move away! The jackal bites you.
You die...

## ##.. ##... #.... #
##.... #. ##.....
#.############......
#...................
#@hb..........#...
#########h......w......§.
#........S.##..)...####..
#.........>###.....######
#.........K.....†........
#......................$)
#...>............####..##
#...............## #...
#...............# ###


You could see a dart slug (wandering), 2 jackals, a bat, a ball python and a
kobold.

Vanquished Creatures
  A ball python (D:1)
1 creature vanquished.

Vanquished Creatures (collateral kills)
  A ball python (D:1)
  An endoplasm (D:1)
  A kobold (D:1)
3 creatures vanquished.

Grand Total: 4 creatures vanquished

Notes
Turn   | Place    | Note
-------+----------+-------------------------------------------
     0 | D:1      | mintfox the Barachi Summoner began the quest for the Orb.
     0 | D:1      | Reached XP level 1. HP: 13/13 MP: 3/3
    25 | D:1      | Reached skill level 5 in Summonings
   214 | D:1      | Slain by a jackal

Illustrated notes

Levels and vault maps discovered:
D:1:      dpeg_arrival_tiny_f, layout_rooms

Skill      XL: |  1 |
---------------+----+-----
Summonings     | 5 |  5.0
Dodging        | |  2.3
Stealth        | |  1.8
Spellcasting   | |  2.1

Action                     || total
---------------------------++-------
  Melee: Unarmed           ||     4
   Cast: Summon Small Mamm ||     7
 Armour: Robe              ||     9
  Dodge: Dodged            ||    37
